Map: Deathaura LE

Players

Rhizer

  • Race: Protoss Protoss
  • League: Grandmaster
  • Spawn Location: 5:00

Epic - Winner!

  • Race: Terran Terran
  • League: Grandmaster
  • Spawn Location: 11:00

Event: DreamHack SC2 Masters 2020 Winter

VOD

Have the link to the VOD?

Description

Time

  • Played on: Oct. 24, 2020, 8:48 p.m.
  • Length: 18:06

All games in this series

Show
View Real Time Build Order
Export as new Build Order

Rhizer Protoss 

Build Orders: 1 Gate Expand, Oracle Opening 

Get SALT Encoding   

  12  0:00  Probe  
  13  0:12  Probe  
  14  0:17  Pylon  
  14  0:24  Probe (Chrono Boost)  
  15  0:36  Probe (Chrono Boost)  
  15  0:37  Gateway  
  16  0:45  Probe (Chrono Boost)  
  16  0:46  Assimilator  
  17  0:51  Probe  
  18  1:03  Probe  
  19  1:15  Probe  
  20  1:22  Nexus  
  20  1:32  Cybernetics Core  
  20  1:36  Probe  
  21  1:41  Assimilator  
  21  1:48  Probe  
  21  1:52  Pylon  
  22  2:00  Probe  
  23  2:07  Stalker (Chrono Boost)  
  25  2:15  Stargate  
  25  2:18  Probe  
  26  2:30  Probe, Stalker  
  26  2:33  Warp Gate  
  29  2:40  Probe (Chrono Boost)  
  29  2:42  Probe (Chrono Boost)  
  32  2:53  Probe (Chrono Boost)  
  32  2:55  Probe (Chrono Boost)  
  33  2:58  Probe (Chrono Boost)  
  33  2:59  Oracle (Chrono Boost)  
  33  3:02  Probe  
  38  3:05  Pylon  
  38  3:08  Probe  
  39  3:14  Probe  
  40  3:20  Probe  
  40  3:22  Twilight Council  
  40  3:25  Shield Battery  
  40  3:26  Probe  
  42  3:33  Probe  
  43  3:36  Gateway  
  43  3:38  Gateway  
  43  3:39  Probe  
  44  3:45  Probe  
  45  3:51  Probe  
  45  3:52  Robotics Facility  
  46  3:57  Probe (Chrono Boost), Oracle (Chrono Boost)  
  50  4:05  Pylon  
  50  4:09  Probe x2 (Chrono Boost)  
  52  4:15  Probe (Chrono Boost)  
  54  4:17  Probe (Chrono Boost)  
  54  4:20  Twilight Council, Assimilator  
  54  4:23  Probe  
  55  4:28  Probe  
  55  4:35  Probe  
  55  4:40  Probe  
  55  4:42  Observer  
  57  4:46  Pylon, Assimilator  
  57  4:47  Probe  
  57  4:48  Nexus  
  57  4:52  Probe  
  59  4:54  Stalker, Blink (Chrono Boost)  
  59  4:58  Pylon  
  59  4:59  Probe  
  62  5:05  Probe  
  63  5:08  Forge  
  63  5:12  Probe  
  64  5:16  Observer  
  64  5:18  Probe  
  66  5:24  Probe  
  61  5:30  Probe  
  59  5:35  Robotics Bay  
  59  5:36  Probe  
  59  5:42  Probe  
  61  5:46  Gateway  
  61  5:47  Gateway  
  61  5:48  Probe  
  62  5:54  Probe  
  56  6:00  Probe  
  56  6:03  Probe  
  58  6:04  Protoss Ground Weapons Level 1  
  58  6:06  Probe  
  58  6:07  Stalker  
  61  6:12  Stalker  
  61  6:14  Probe  
  61  6:15  Probe  
  66  6:18  Probe  
  66  6:21  Photon Cannon  
  66  6:22  Photon Cannon  
  66  6:25  Colossus (Chrono Boost)  
  66  6:32  Probe  
  73  6:33  Charge  
  73  6:35  Shield Battery  
  73  6:36  Stalker  
  73  6:37  Stalker  
  73  6:39  Probe x2  
  79  6:44  Probe  
  79  6:46  Pylon  
  80  6:51  Probe  
  80  6:52  Probe  
  74  6:56  Probe  
  74  7:00  Stalker x2  
  75  7:04  Probe x2  
  77  7:08  Probe  
  77  7:11  Stalker  
  77  7:12  Stalker, Observer (Chrono Boost)  
  82  7:16  Probe  
  82  7:17  Probe  
  82  7:20  Probe  
  81  7:27  Stalker  
  81  7:28  Probe  
  81  7:29  Probe  
  85  7:32  Probe  
  74  7:40  Probe  
  74  7:41  Probe, Colossus (Chrono Boost)  
  74  7:44  Probe  
  74  7:46  Sentry  
  74  7:49  Extended Thermal Lance (Chrono Boost)  
  83  7:54  Probe x2 (Chrono Boost)  
  85  8:02  Probe (Chrono Boost)  
  87  8:06  Probe x2 (Chrono Boost)  
  87  8:11  Protoss Ground Armor Level 1 (Chrono Boost)  
  89  8:13  Probe (Chrono Boost)  
  89  8:14  Probe (Chrono Boost), Forge  
  89  8:15  Probe (Chrono Boost)  
  89  8:17  Probe (Chrono Boost)  
  89  8:19  Sentry, Zealot  
  96  8:20  Probe  
  96  8:23  Pylon  
  96  8:24  Probe  
  98  8:28  Probe  
  98  8:33  Observer  
  98  8:44  Probe  
  98  8:48  Probe x2  
  96  8:50  Stalker  
  96  8:51  Stalker x2  
  96  8:52  Colossus (Chrono Boost)  
  102  8:57  Probe  
  102  8:59  Pylon  
  102  9:02  Pylon  
  109  9:04  Probe x2  
  109  9:05  Pylon  
  109  9:09  Probe  
  108  9:15  Protoss Ground Weapons Level 2 (Chrono Boost)  
  108  9:17  Probe x2  
  109  9:21  Probe, Assimilator  
  109  9:22  Assimilator  
  111  9:26  Stalker x2  
  111  9:30  Sentry x2  
  119  9:32  Warp Prism (Chrono Boost)  
  119  9:34  Pylon  
  121  9:44  Gateway  
  121  9:48  Gateway  
  121  9:53  Stalker x4  
  121  9:54  Sentry  
  121  9:59  Photon Cannon  
  131  10:11  Pylon x2  
  131  10:17  Dark Shrine  
  131  10:25  Pylon  
  131  10:32  Stalker x3  
  131  10:33  Stalker x2  
  72  11:05  Probe  
  72  11:09  Stalker x7  
  85  11:14  Disruptor (Chrono Boost)  
  85  11:17  Protoss Ground Armor Level 2 (Chrono Boost), Robotics Facility  
  88  11:24  Probe x3  
  91  11:33  Dark Templar x2  
  94  11:40  Dark Templar  
  94  11:43  Zealot x4, Disruptor  
  94  11:45  Pylon  
  107  12:01  Nexus  
  107  12:09  Disruptor (Chrono Boost)  
  107  12:11  Zealot x3  
  107  12:12  Zealot x3  
  122  12:19  Observer (Chrono Boost)  
  117  12:23  Probe x2  
  117  12:25  Photon Cannon  
  117  12:26  Shield Battery  
  117  12:29  Pylon  
  119  12:31  Dark Templar  
  119  12:32  Zealot, Dark Templar  
  119  12:34  Protoss Shields Level 1 (Chrono Boost)  
  119  12:35  Disruptor (Chrono Boost)  
  128  12:37  Disruptor (Chrono Boost)  
  128  12:38  Archon  
  128  12:43  Zealot x2  
  135  12:45  Zealot  
  137  12:56  Stalker x2  
  141  13:02  Assimilator, Disruptor (Chrono Boost)  
  141  13:06  Assimilator  
  141  13:08  Disruptor (Chrono Boost)  
  141  13:12  Pylon  
  147  13:14  Stalker x2  
  145  13:20  Stalker  
  135  13:35  Zealot x4  
  135  13:36  Disruptor  
  146  13:41  Immortal  
  146  13:46  Probe x4  
  154  13:52  Protoss Ground Armor Level 3 (Chrono Boost)  
  154  13:57  Pylon  
  154  13:58  Probe, Dark Templar  
  154  13:59  Shadow Stride (Chrono Boost)  
  154  14:00  Dark Templar  
  159  14:03  Archon  
  159  14:12  Pylon  
  159  14:16  Stalker x3  
  145  14:38  Stalker x4  
  145  14:42  Immortal  
  149  14:45  Probe  
  149  14:46  Probe  
  151  14:53  Warp Prism  
  151  15:04  Dark Templar x3  
  151  15:06  Dark Templar  
  155  15:08  Probe  
  155  15:09  Probe  
  155  15:10  Archon x2  
  157  15:18  Dark Templar x2  
  161  15:24  Archon  
  160  15:29  Dark Templar  
  162  15:37  Immortal  
  167  15:50  Observer  
  167  15:52  Dark Templar  
  167  15:53  Dark Templar  
  167  15:56  Dark Templar  
  173  15:58  Zealot x2  
  177  16:07  Pylon  
  101  16:26  Stalker x3  
  101  16:27  Stalker x3  
  101  16:29  Disruptor x2 (Chrono Boost)  
  115  16:51  Stalker  
  115  16:52  Stalker x4  
  125  17:02  Disruptor x2 (Chrono Boost)  
  131  17:14  Dark Templar  
  132  17:23  Stalker x3  
  132  17:24  Stalker  
  136  17:30  Disruptor  
  136  17:32  Zealot x2  
Show
View Real Time Build Order
Export as new Build Order

Epic Terran - Winner!

Build Orders:  

Get SALT Encoding   

  12  0:00  SCV  
  13  0:12  SCV  
  14  0:17  Supply Depot  
  14  0:24  SCV  
  15  0:38  SCV  
  15  0:40  Barracks  
  16  0:44  Refinery  
  16  0:50  SCV  
  16  0:52  Refinery  
  17  1:02  SCV  
  18  1:05  Supply Depot  
  18  1:15  SCV  
  19  1:27  Orbital Command, Marine  
  20  1:39  Factory  
  20  1:45  Marine  
  21  1:52  SCV  
  22  2:03  Marine  
  22  2:05  SCV  
  24  2:17  SCV  
  24  2:21  Marine  
  26  2:24  Factory Tech Lab  
  26  2:25  Armory  
  26  2:29  SCV  
  27  2:31  Supply Depot  
  27  2:34  Starport  
  27  2:41  SCV  
  27  2:43  Widow Mine  
  29  2:47  Marine  
  30  2:53  SCV  
  31  3:05  Widow Mine  
  33  3:11  Medivac  
  33  3:12  Drilling Claws  
  35  3:23  Command Center  
  37  3:27  Widow Mine  
  37  3:30  Barracks Reactor  
  37  3:35  Supply Depot  
  37  3:38  SCV  
  37  3:48  Widow Mine  
  37  3:50  SCV  
  38  4:09  Medivac  
  40  4:12  SCV  
  41  4:17  Widow Mine  
  43  4:25  Supply Depot  
  43  4:28  SCV  
  44  4:36  Orbital Command  
  44  4:45  SCV  
  43  4:54  Widow Mine x2  
  43  4:57  SCV  
  43  4:59  Stimpack  
  46  5:01  SCV  
  47  5:07  Barracks  
  47  5:09  SCV  
  47  5:13  SCV  
  49  5:17  Widow Mine x2  
  53  5:21  SCV  
  53  5:25  SCV  
  51  5:36  SCV  
  51  5:37  SCV, Command Center  
  51  5:38  Medivac  
  57  5:43  Marauder, Widow Mine  
  57  5:49  SCV x2  
  59  6:00  Engineering Bay  
  59  6:01  Widow Mine  
  59  6:02  SCV x2  
  63  6:04  Widow Mine  
  63  6:06  Barracks Reactor, Marauder  
  67  6:12  Barracks  
  67  6:16  SCV x2  
  69  6:19  Supply Depot, Refinery  
  69  6:29  SCV, Terran Infantry Weapons Level 1  
  69  6:32  Supply Depot, Starport Reactor  
  70  6:41  SCV, Marauder  
  70  6:44  Supply Depot  
  70  6:45  SCV, Refinery  
  74  6:53  SCV  
  75  7:02  SCV  
  75  7:05  SCV, Combat Shield, Barracks Tech Lab  
  75  7:06  Orbital Command, Marauder, Marine x2  
  81  7:09  Supply Depot  
  81  7:10  Medivac, Widow Mine x2  
  86  7:30  Marine x2  
  86  7:31  Marauder x2  
  86  7:33  Medivac  
  88  7:40  Orbital Command  
  88  7:41  Widow Mine x2  
  88  7:42  SCV x2  
  78  7:49  Barracks  
  78  7:50  Barracks  
  76  7:52  Marauder x2, Marine x2  
  76  7:54  Concussive Shells  
  76  7:55  SCV x2  
  84  8:08  SCV  
  84  8:09  SCV x2  
  84  8:12  Marine x2  
  89  8:17  Supply Depot, Factory Reactor  
  89  8:18  Medivac x2  
  93  8:20  SCV  
  93  8:21  SCV x2  
  93  8:25  Marauder  
  93  8:26  Marauder  
  100  8:30  Supply Depot  
  100  8:33  SCV x3  
  103  8:39  Barracks Tech Lab  
  103  8:40  Barracks Reactor  
  101  8:41  Refinery  
  101  8:45  SCV x3  
  102  8:48  Marine x2  
  102  8:49  Medivac x2, Marauder x2  
  102  8:53  Supply Depot, Refinery  
  102  8:54  Widow Mine x2  
  102  8:55  Terran Infantry Weapons Level 2  
  116  8:58  SCV x3  
  116  8:59  Engineering Bay  
  119  9:06  Marauder  
  109  9:10  Command Center  
  109  9:14  Marauder x2, Marine x2  
  109  9:15  SCV x3  
  108  9:19  Marine x2  
  108  9:20  Medivac x2  
  114  9:28  Marauder  
  114  9:29  Terran Infantry Armor Level 1  
  114  9:31  Ghost Academy, Marine  
  116  9:37  Starport, Marine  
  116  9:38  Supply Depot, Marauder x2, Marine x2  
  124  9:49  Marauder  
  124  9:50  Viking x2  
  128  9:54  Missile Turret, Marine  
  128  9:55  Marine x2  
  131  10:02  Enhanced Shockwaves  
  131  10:05  Marine  
  133  10:07  Ghost  
  133  10:12  Ghost  
  136  10:18  Missile Turret  
  136  10:19  Viking  
  136  10:20  Viking  
  140  10:25  Missile Turret  
  140  10:26  Command Center  
  140  10:27  Viking, Marine x2  
  140  10:28  Marine x2  
  146  10:32  SCV x3  
  146  10:33  Viking  
  146  10:49  Marine  
  130  10:50  Marauder x3, Marine x3  
  114  10:57  SCV x3  
  114  11:04  Planetary Fortress  
  106  11:07  Marine  
  106  11:09  SCV x2  
  106  11:10  SCV  
  110  11:13  Marauder, Marine x3  
  110  11:14  Marauder x2  
  119  11:19  Viking x2  
  119  11:20  Viking  
  119  11:23  SCV x2  
  119  11:24  SCV  
  119  11:25  Marine  
  128  11:27  Viking  
  131  11:33  Marine x3  
  131  11:39  Missile Turret  
  134  11:40  Supply Depot  
  134  11:42  SCV x4  
  134  11:45  Ghost x2  
  134  11:46  Ghost  
  144  11:51  Orbital Command  
  144  11:54  Viking  
  146  11:58  Viking  
  146  11:59  Viking  
  148  12:09  Missile Turret  
  148  12:10  Missile Turret  
  148  12:13  Ghost  
  147  12:19  SCV x3  
  144  12:25  Viking  
  144  12:27  Liberator  
  144  12:28  Liberator  
  144  12:29  Viking  
  154  12:34  Marine x2  
  154  12:35  Marine x2  
  154  12:36  Marauder x2  
  162  12:39  Supply Depot  
  162  12:43  Marauder  
  164  12:44  Terran Infantry Armor Level 2  
  164  12:45  Refinery  
  164  12:48  Barracks x2  
  164  12:49  Barracks  
  164  12:54  Marine x4  
  168  13:02  Supply Depot, Terran Infantry Weapons Level 3  
  168  13:04  Supply Depot  
  168  13:05  Marauder x2  
  168  13:15  Marine x2  
  168  13:16  Marine x2  
  167  13:38  Barracks Tech Lab x3  
  167  13:43  Command Center  
  167  13:47  Marauder x3, Marine x4  
  177  13:52  Refinery  
  177  13:53  Terran Ship Weapons Level 1  
  177  13:58  Fusion Core  
  177  14:11  Marauder x4, Marine  
  177  14:12  Marauder x2, Marine x3  
  177  14:14  Liberator x2  
  198  14:29  Marine  
  193  14:38  Liberator x2  
  186  14:46  Advanced Ballistics  
  186  14:49  Command Center  
  183  14:57  Liberator x2  
  177  15:01  Marauder x2  
  177  15:02  Marauder x4, Marine x4  
  193  15:15  Terran Infantry Armor Level 3  
  193  15:20  Missile Turret, Liberator  
  193  15:21  Liberator  
  199  15:34  Planetary Fortress  
  199  15:50  Refinery  
  199  15:51  Command Center, Missile Turret  
  199  15:52  Refinery  
  199  15:53  Neosteel Armor  
  199  16:06  Liberator  
  153  16:22  Marauder x4, Marine x3  
  153  16:23  Marauder  
  147  16:28  Marine x2, Liberator x3  
  156  16:48  Marauder x6, Marine x4  
  156  16:49  Liberator  
  175  16:59  Orbital Command  
  175  17:03  Command Center  
  175  17:05  Orbital Command, Marine x2  
  177  17:09  Marauder  
  177  17:11  Liberator x3  
  178  17:31  Marauder x4, Marine x6  
Tags
 
Add a new tag
Caveats
  • Supply blocks, unpowered buildings, or Contaminate may cause inaccurate times.
  • Supply counts are checked every 10 seconds.